 Dungeon Crawl Stone Soup version 0.31-a0-183-g4352c244c2 (webtiles) character file.

Game seed: 5328454231383964966

669 Hajna the Shooter (level 7, -1/53 HPs)
             Began as a Human Hunter on June 22, 2023.
             Succumbed to a scorpion's poison
             ... on level 5 of the Dungeon.
             The game lasted 00:14:06 (4136 turns).

Hajna the Shooter (Human Hunter)                    Turns: 4136, Time: 00:14:06

Health: -1/53      AC:  6    Str: 12    XL:     7   Next: 89%
Magic:  7/7        EV: 12    Int:  9    God:
Gold:   140        SH:  0    Dex: 18    Spells: 6/6 levels left

rFire   . . .        m - +2 short sword (venom)
rCold   . . .        (no shield)
rNeg    . . .        c - +0 leather armour
rPois   .            j - +0 helmet
rElec   .            t - +1 cloak
rCorr   +            (no gloves)
SInv    .            (no boots)
Will    .....        (no amulet)
Stlth   ++           q - ring of resist corrosion
HPRegen 0.28/turn    (no ring)
MPRegen 0.10/turn

%: no passive effects
@: lethally poisoned (-1 -> -8)
A: no striking features
a: no special abilities


You were on level 5 of the Dungeon.
You visited 1 branch of the dungeon, and saw 5 of its levels.
You also visited: Ossuary.

You collected 140 gold pieces.

Inventory:

Hand Weapons
 a - a +1 shortbow
 g - a +0 hand axe
 m - a +2 short sword of venom (weapon)
Missiles
 d - 10 poisoned darts (quivered)
Armour
 c - a +0 leather armour (worn)
 i - a +0 plate armour
 j - a +0 helmet (worn)
 t - a +1 cloak (worn)
Jewellery
 q - a ring of resist corrosion (left hand)
Wands
 l - a wand of flame (7)
Scrolls
 b - a scroll of butterflies
 s - a scroll of blinking
 u - 2 scrolls of teleportation
Potions
 f - a potion of cancellation
 h - a potion of invisibility
 k - a potion of haste
 p - a potion of mutation
 v - a potion of magic


   Skills:
 + Level 3.8 Fighting
 + Level 2.4 Short Blades
 + Level 0.6 Axes
 + Level 6.4 Ranged Weapons
 + Level 0.3 Throwing
 + Level 2.8 Armour
 + Level 2.9 Dodging
 + Level 1.9 Stealth
 + Level 0.5 Evocations


You had 6 spell levels left.
You didn't know any spells.
Your spell library contained the following spells:

 Spells                   Type           Power      Damage    Failure   Level
 Freeze                   Ice            0%         1d3       45%         1
 Necrotise                Necr           0%         1d4       45%         1
 Sublimation of Blood     Necr           0%         N/A       61%         2
 Wereblood                Tmut           0%         N/A       61%         2
 Frozen Ramparts          Ice            0%         1d1       83%         3
 Hailstorm                Conj/Ice       0%         3d3       83%         3
 Ignite Poison            Fire/Tmut/Pois 0%         N/A       83%         3
 Vampiric Draining        Necr           0%         2d6       83%         3
 Sticky Flame             Conj/Fire      0%         2d3       99%         4
 Agony                    Necr           0%         N/A       100%        5
 Summon Hydra             Summ           0%         N/A       100%        7
 Ignition                 Fire           0%         3d3       100%        8


Dungeon Overview and Level Annotations

Branches:
Dungeon (5/15)            Ossuary (visited)
 Temple: D:4-7

Altars:

Shops:
D:1 *

Annotations:
D:4 Grinder


Message History

You barely miss Menkaure.
Menkaure is almost destroyed.
Menkaure closely misses you.
You hit Menkaure but do no damage.
Menkaure is almost destroyed.
Menkaure barely misses you.
You barely miss Menkaure.
Menkaure is almost destroyed.
Menkaure gestures at you while chanting.
Pain shoots through your body!
* * * LOW HITPOINT WARNING * * *
You puncture Menkaure!
You destroy Menkaure!
You barely miss the scorpion.
You punch the scorpion, but do no damage.
The scorpion is heavily wounded.
The scorpion completely misses you.
You hit the scorpion but do no damage.
The scorpion is poisoned.
The scorpion is heavily wounded.
The scorpion stings you.
* * * LOW HITPOINT WARNING * * *
You are lethally poisoned!
The scorpion poisons you!
Okay, then.
As you read the scroll labelled TUEGANA UCOIRR, it crumbles to dust.
You feel aware of your surroundings.
It was a scroll of revelation.
* * * LOW HITPOINT WARNING * * *
You feel very sick. The scorpion barely misses you.
As you read the scroll labelled CEV YGI ENEE, it crumbles to dust.
It is a scroll of enchant weapon.
Your +0 shortbow glows red for a moment.
* * * LOW HITPOINT WARNING * * *
You feel very sick.
The scorpion stings you but does no damage.
The scorpion closely misses you.
You hit the scorpion.
You kill the scorpion!
You die...

****......>* ****,***
#..........#### *,,,,*
******#.##>......#### *,****
*,,,,,........$..#### *,*
*,****#.#.##...#.#### *,*
*,****#.#.###.##.####**,*
*,,,,,.......†..(....,,,*
*,,***...####†##.####****
****,,**,....###@##.#### ********
,,,,,,*,,.....##.##.####**,,,,,,,
****,,,,,.....##.##..?..,,,,,,,,,
**,,,,,,,.....##..######**,******
**,*****,....###.#.#####**,******
**,* ***...#####.####..,,,,,,,,,
**,* *,,.....###.####.#**,*****,
**,* *,*####.###)####.# *>,,,,,,
**,****,* *,* #<# *,* *,,****,


There were no monsters in sight!

Vanquished Creatures
  Menkaure (D:5)
  A black bear (D:3)
  An ogre (D:4)
  A scorpion (D:5)
  A howler monkey (D:5)
  3 centaur zombies (Ossuary)
  An iguana (D:4)
  5 mummies (Ossuary)
  8 adders
  4 dart slugs
  2 worms
  3 orcs
  10 endoplasms
  4 giant cockroaches
  3 goblins
  4 hobgoblins
  3 kobolds
  5 quokkas
  7 ball pythons
  7 bats
  3 frilled lizards
  2 goblin zombies (D:4)
  4 hobgoblin zombies (Ossuary)
  9 rats
92 creatures vanquished.

Notes
Turn   | Place    | Note
-------+----------+-------------------------------------------
     0 | D:1      | Hajna the Human Hunter began the quest for the Orb.
     0 | D:1      | Reached XP level 1. HP: 16/16 MP: 1/1
   140 | D:1      | Reached XP level 2. HP: 22/22 MP: 2/2
   342 | D:1      | Reached XP level 3. HP: 27/27 MP: 3/3
   475 | D:1      | Found Azxus's Assorted Antiques.
  1046 | D:2      | Reached skill level 5 in Ranged Weapons
  1046 | D:2      | Reached XP level 4. HP: 33/33 MP: 4/4
  1899 | D:3      | Found a faded altar of an unknown god.
  1982 | D:3      | Reached XP level 5. HP: 38/38 MP: 5/5
  2045 | D:3      | Noticed a black bear
  2058 | D:3      | Killed a black bear
  2240 | D:3      | Reached XP level 6. HP: 46/46 MP: 6/6
  2715 | D:4      | Noticed an ogre
  2729 | D:4      | Killed an ogre
  2730 | D:4      | Reached skill level 6 in Ranged Weapons
  2853 | D:4      | Noticed Grinder
  3182 | D:4      | Found a sand-covered staircase.
  3190 | Ossuary  | Entered an ossuary
  3252 | Ossuary  | Reached skill level 1 in Short Blades
  3252 | Ossuary  | Reached XP level 7. HP: 46/51 MP: 7/7
  3281 | Ossuary  | HP: 1/52 [hobgoblin zombie (3)]
  3303 | Ossuary  | HP: 2/52 [mummy (8)]
  4061 | D:5      | Entered Level 5 of the Dungeon
  4116 | D:5      | Noticed Menkaure
  4131 | D:5      | Killed Menkaure
  4135 | D:5      | HP: 1/53 [poisoned by a scorpion]
  4136 | D:5      | Succumbed to a scorpion's poison

Illustrated notes

Levels and vault maps discovered:
D:1:      dpeg_arrival_line_fractal, layout_basic, serial_shops,
          nicolae_shop_crystal
D:2:      layout_loops_cross
D:3:      minmay_skewed_foursquare, layout_basic, ebering_ecumenical_altar_hall,
          serial_rivers, chequers_serial_rivers_micro_b,
          chequers_serial_rivers_small_3, chequers_serial_rivers_room_a,
          chequers_serial_rivers_small_3, chequers_serial_rivers_small_b,
          chequers_serial_rivers_small_a, nrook_uturn
D:4:      layout_loops_corners, enter_ossuary_4, uniq_grinder
D:5:      layout_loops_ring, uniq_menkaure

Skill      XL: |  1  2  3  4  5  6  7 |
---------------+----------------------+-----
Ranged Weapons | 5 6 |  6.4
Armour         | 2 |  2.8
Short Blades   | 1 2 |  2.4
Fighting       | 3 |  3.8
Axes           | |  0.6
Throwing       | |  0.3
Dodging        | |  2.9
Stealth        | |  1.9
Evocations     | |  0.5

Action                     |  1- 3 |  4- 6 |  7- 9 || total
---------------------------+-------+-------+-------++-------
  Melee: Hand axe          |    17 |       |       ||    17
         Short sword       |       |    67 |    51 ||   118
         Punch             |       |     3 |     4 ||     7
   Fire: Shortbow          |    64 |    72 |    17 ||   153
  Throw: Dart              |       |     7 |       ||     7
  Evoke: Wand              |       |     3 |    11 ||    14
    Use: Scroll            |     1 |     6 |     7 ||    14
         Potion            |       |       |     6 ||     6
   Stab: Sleeping          |     1 |       |       ||     1
 Armour: Leather armour    |     3 |    21 |    41 ||    65
  Dodge: Dodged            |    25 |    40 |    64 ||   129

Table legend: (Time is in decaauts)
 A = Elapsed time spent in this place.
 B = Non-inter-level travel time spent in this place.
 C = Inter-level travel time spent in this place.
 D = Time resting spent in this place.
 E = Time spent auto-exploring this place.
 F = Levels seen in this place.
 G = Mean time per level.
                   A        B        C        D        E       F      G
               +--------+--------+--------+--------+--------+-----+--------+
         Total |   4145 |   4018 |    127 |      0 |   3144 |   6 |  690.8 |
       Dungeon |   3803 |   3676 |    127 |      0 |   2901 |   5 |  760.6 |
       Ossuary |    342 |    342 |      0 |      0 |    242 |   1 |  342.0 |
               +--------+--------+--------+--------+--------+-----+--------+

Top non-repeatable levels by time:
     D:3: 1107 daAuts
     D:4: 992 daAuts
     D:1: 857 daAuts
     D:2: 772 daAuts
 Ossuary: 342 daAuts
     D:5: 73 daAuts
